 Dungeon Crawl Stone Soup version 0.30.0-5-g1a98f26d00 (webtiles) character file.

Game seed: 13706247856691086824

302 Strat the Sneak (level 6, -4/32 HPs)
             Began as a Vine Stalker Fire Elementalist on May 8, 2023.
             Killed by divine providence
             ... invoked by an orc priest
              (6 damage)
             ... on level 4 of the Dungeon.
             The game lasted 00:06:50 (3144 turns).

Strat the Sneak (Vine Stalker Fire Elementalist)    Turns: 3144, Time: 00:06:51

Health: -4/32      AC:  2    Str: 10    XL:     6   Next: 37%
Magic:  0/10       EV: 12    Int: 15    God:
Gold:   125        SH:  0    Dex: 23    Spells: 6/9 levels left

rFire   + . .        a - +0 short sword
rCold   . . .        (no shield)
rNeg    . . .        m - +0 robe
rPois   .            (no helmet)
rElec   .            (no cloak)
rCorr   .            (no gloves)
SInv    .            (no boots)
Will    .....        (no amulet)
Stlth   +++          q - +6 ring of dexterity
HPRegen 1.05/turn    t - ring of protection from fire
MPRegen 0.12/turn

%: guardian spirit
@: no status effects
A: fangs 2, regeneration 1, magic shield, antimagic bite, no potion heal 2
a: no special abilities


You were on level 4 of the Dungeon.
You visited 1 branch of the dungeon, and saw 4 of its levels.

You collected 125 gold pieces.

Inventory:

Hand Weapons
 a - a +0 short sword (weapon)
Missiles
 h - 2 atropa-tipped darts
 n - 6 poisoned darts
Armour
 m - a +0 robe (worn)
 o - a +0 helmet
Jewellery
 q - a +6 ring of dexterity (left hand)
 t - a ring of protection from fire (right hand)
 u - a +6 ring of intelligence
Wands
 A - a wand of charming (7)
Scrolls
 e - 5 scrolls of teleportation {unknown}
 f - 3 scrolls of silence {unknown}
 g - 2 scrolls of blinking {unknown}
 j - a scroll of enchant armour {unknown}
 l - a scroll of noise {unknown}
 r - a scroll of fear {unknown}
 v - a scroll of fog {unknown}
 w - a scroll of magic mapping {unknown}
 x - a scroll of poison {unknown}
 y - a scroll of acquirement {unknown}
Potions
 c - a potion of brilliance {unknown}
 d - 3 potions of heal wounds {unknown}
 i - a potion of curing {unknown}
 k - a potion of flight {unknown}
 p - a potion of attraction {unknown}
 s - a potion of haste {unknown}
 z - a potion of mutation {unknown}


   Skills:
 - Level 3.0 Fighting
 + Level 3.3 Short Blades
 - Level 1.5 Dodging
 - Level 5.0 Stealth
 - Level 2.1 Spellcasting
 - Level 1.0 Conjurations
 - Level 3.0 Fire Magic


You had 6 spell levels left.
You knew the following spells:

 Your Spells              Type           Power      Damage    Failure   Level
a - Foxfire               Conj/Fire      28%        2x1d5     10%         1
b - Scorch                Fire           20%        2d6       10%         2

Your spell library contained the following spells:

 Spells                   Type           Power      Damage    Failure   Level
 Blink                    Tloc           2%         N/A       32%         2
 Inner Flame              Hex/Fire       6%         N/A       34%         3
 Volatile Blastmotes      Fire/Tloc      12%        2d11      34%         3
 Flame Wave               Conj/Fire      7%         2d5       67%         4
 Manifold Assault         Tloc           1%         N/A       91%         4
 Fireball                 Conj/Fire      3%         3d4       95%         5
 Iskenderun's Battlesphe  Conj           4%         2d6       99%         5
 Conjure Ball Lightning   Conj/Air       1%         3x3d6     100%        6
 Orb of Destruction       Conj           2%         9d5       100%        7
 Storm Form               Tmut/Air       0%         N/A       100%        7


Dungeon Overview and Level Annotations

Branches:
Dungeon (4/15)
 Temple: D:4-7

Altars:
Gozag
Makhleb
Yredelemnul
The Shining One

Shops:
D:2 [


Innate Abilities, Weirdness & Mutations

You have extremely sharp teeth.
Your natural rate of healing is unusually fast.
When hurt, damage is shared between your health and your magic reserves.
Your bite disrupts and absorbs the magic of your enemies.
Potions cannot restore your health.


Message History

The orc hits you but does no damage.
Casting: Scorch (safe; 10% risk of failure)
Confirm with . or Enter, or press ? or * to list all spells.
Flames lash the orc priest.
The orc priest is moderately wounded.
The orc priest's fire resistance burns away.
The orc hits you with a +0 dagger.
The orc priest calls down the wrath of Beogh upon you.
Beogh smites you!
* * * LOW HITPOINT WARNING * * *
The orc hits you with a +0 dagger.
* * * LOW HITPOINT WARNING * * *
The orc hits you with a +0 flail!
* * * LOW HITPOINT WARNING * * *
The orc priest barely misses you.
You hit the orc priest.
The orc priest is heavily wounded.
The orc barely misses you. x2
The orc priest hits you with a +0 hand axe!
* * * LOW HITPOINT WARNING * * *
You barely miss the orc priest. You bite the orc priest. You drain its power.
You feel invigorated.
The orc priest is severely wounded.
The orc barely misses you. The orc hits you with a +0 flail!
* * * LOW HITPOINT WARNING * * *
The orc priest hits you with a +0 hand axe.
* * * LOW HITPOINT WARNING * * *
Magic courses through your body.
The orc priest is no longer more vulnerable to fire.
The orc barely misses you. The orc closely misses you.
The orc priest hits you with a +0 hand axe.
Casting: Scorch (safe; 10% risk of failure)
Confirm with . or Enter, or press ? or * to list all spells.
Flames lash the orc.
You kill the orc!
The orc hits you with a +0 flail.
* * * LOW HITPOINT WARNING * * *
The orc priest invokes the aid of Beogh against you.
Beogh smites you!
You die...

#............#.......
.......##...........#
....o..###.....##..##
...##.........).##### #..
#...#...###'#.#.. ##
##.##...###...##.
#####..##..#......'.
####.##..####.#..)...##
###########.....@o.####.#.......#
.........#.....o)....##.'.......#
########...........#....#.......#
#≈≈≈≈≈≈###.......###....#......##
≈≈....≈≈§#####....#.....#......'.
≈.......≈≈###.......##.####)..##.
....≈....≈≈#.......###....#'#.#..
...#.###..≈##.....<.##.##.#.#####
...#...#..≈≈#.>....######.....#.#


You could see an orc priest and an orc.

Vanquished Creatures
  A scorpion (D:4)
  A hound (D:4)
  An orc wizard (D:4)
  4 gnolls (D:2)
  9 adders
  2 dart slugs
  3 orcs
  8 ball pythons
  2 bats
  4 endoplasms
  3 giant cockroaches
  10 goblins
  5 hobgoblins
  3 jackals (D:4)
  5 kobolds
  3 quokkas
  A frilled lizard (D:2)
  A rat (D:3)
66 creatures vanquished.

Vanquished Creatures (others)
  21 foxfires
21 creatures vanquished.

Grand Total: 87 creatures vanquished

Notes
Turn   | Place    | Note
-------+----------+-------------------------------------------
     0 | D:1      | Strat the Vine Stalker Fire Elementalist began the quest
                  | for the Orb.
     0 | D:1      | Reached XP level 1. HP: 9/9 MP: 4/4
    75 | D:1      | Reached skill level 1 in Fighting
   287 | D:1      | Reached XP level 2. HP: 14/14 MP: 3/6
   590 | D:1      | Learned a level 2 spell: Scorch
   832 | D:2      | Found Umnor's Armour Shoppe.
   876 | D:2      | Reached XP level 3. HP: 18/18 MP: 5/7
  1021 | D:2      | Reached skill level 3 in Stealth
  1214 | D:2      | Gained mutation: Your natural rate of healing is unusually
                  | fast. [Vine Stalker growth]
  1214 | D:2      | Reached XP level 4. HP: 23/23 MP: 0/8
  1694 | D:3      | Found an opulent altar of Gozag.
  1783 | D:3      | Reached skill level 4 in Stealth
  2135 | D:3      | Reached XP level 5. HP: 28/28 MP: 4/9
  2342 | D:4      | Found a glowing golden altar of the Shining One.
  2398 | D:4      | Reached skill level 5 in Stealth
  2639 | D:4      | Reached XP level 6. HP: 27/32 MP: 8/10
  3093 | D:4      | Found a burning altar of Makhleb.
  3093 | D:4      | Found a basalt altar of Yredelemnul.
  3144 | D:4      | Killed from afar by an orc priest

Illustrated notes

Levels and vault maps discovered:
D:1:      dpeg_arrival_morbid_curiosity, layout_rooms, minivault_4,
          glass_columns_c
D:2:      layout_loops_ring, serial_shops, shop
D:3:      layout_basic, mainiacjoe_overflow_cross_hatched
D:4:      nicolae_cairo_tiling_very_big, layout_cave_pools,
          lemuel_crystal_altar, gammafunk_temple_overflow_elements,
          kennysheep_potato

Skill      XL: |  1  2  3  4  5  6 |
---------------+-------------------+-----
Fighting       | 1 2 3 |  3.0
Stealth        | 3 4 5 |  5.0
Short Blades   | 2 3 |  3.3
Dodging        | |  1.5
Spellcasting   | |  2.1
Conjurations   | |  1.0
Fire Magic     | |  3.0

Action                     |  1- 3 |  4- 6 || total
---------------------------+-------+-------++-------
  Melee: Mace              |    15 |       ||    15
         Bite              |     9 |    24 ||    33
         Unarmed           |     1 |       ||     1
         Short sword       |    36 |    98 ||   134
         Punch             |     1 |       ||     1
   Cast: Foxfire           |    13 |       ||    13
         Scorch            |     5 |    21 ||    26
    Use: Potion            |       |     1 ||     1
   Stab: Sleeping          |     2 |     9 ||    11
         Distracted        |       |     1 ||     1
 Armour: Robe              |     9 |    13 ||    22
  Dodge: Dodged            |    48 |    61 ||   109
